 Dungeon Crawl Stone Soup version 0.25.1-8-g42b30a86e7 (webtiles) character file.

Game seed: 15122030072970082788

2624 Mattiprrivan the Quickloader (level 9, 0/52 HPs)
             Began as a Kobold Hunter on Dec 25, 2020.
             Was a Priest of Makhleb.
             Slain by an orc warrior
             ... wielding a +0 halberd
              (14 damage)
             ... on level 7 of the Dungeon.
             The game lasted 01:39:04 (8513 turns).

Mattiprrivan the Quickloader (Kobold Hunter)        Turns: 8513, Time: 01:39:05

Health: 0/52       AC:  7    Str: 10    XL:     9   Next: 91%
Magic:  0/10       EV: 18    Int: 13    God:    Makhleb [***...]
Gold:   453        SH:  0    Dex: 23    Spells: 3/9 levels left

rFire    + . .     SeeInvis .   a - +1 hand crossbow
rCold    . . .     Gourm    .   (shield restricted)
rNeg     . . .     Faith    .   c - +2 leather armour
rPois    .         Spirit   +   (helmet restricted)
rElec    .         Reflect  .   (no cloak)
rCorr    +         Harm     .   j - +1 pair of gloves
MR       .....                  (no boots)
Stlth    +++.......             u - amulet of guardian spirit
HPRegen  0.17/turn              s - ring of resist corrosion
MPRegen  0.12/turn              v - +6 ring of dexterity

@: no status effects
A: small, beak, carnivore, fire resistance 1, low mp 1, evolution 1, MP-powered
wands
a: Minor Destruction, Lesser Servant of Makhleb, Renounce Religion


You were on level 7 of the Dungeon.
You worshipped Makhleb.
Makhleb was most pleased with you.
You were very full.

You visited 2 branches of the dungeon, and saw 8 of its levels.

You collected 453 gold pieces.

Inventory:

Hand Weapons
 a - a +1 hand crossbow (weapon)
 b - a +0 vorpal short sword
 k - the +10 morningstar "Bepenkea" {pain, +Inv rC+ Str+3 Stlth-}
   (You found it on level 4 of the Dungeon)

   In the hands of one skilled in necromantic magic, it inflicts extra damage on
   living creatures.
   It affects your strength (+3).
   It protects you from cold.
   It lets you turn invisible.
   It makes you less stealthy.
Missiles
 g - 17 boomerangs
 h - 6 poisoned darts
 i - 114 arrows
 o - 2 throwing nets
 q - 3 silver boomerangs
 r - 11 bolts (quivered)
Armour
 c - a +2 leather armour (worn)
 e - a +2 ring mail of magic resistance
 j - a +1 pair of gloves (worn)
Magical Staves
 d - an uncursed staff of death {unknown}
 n - an uncursed staff of air
Jewellery
 s - a ring of resist corrosion (left hand)
 u - an amulet of guardian spirit (around neck)
 v - a +6 ring of dexterity (right hand)
Scrolls
 l - 3 scrolls of fog
 m - a scroll of teleportation
Potions
 p - a potion of might
 t - a potion of heal wounds
 w - a potion of haste
Comestibles
 f - 23 rations


   Skills:
 + Level 4.0 Fighting
 * Level 4.8 Short Blades
 * Level 2.2 Maces & Flails
 + Level 8.2 Crossbows
 * Level 4.4 Throwing
 * Level 3.1 Armour
 * Level 5.0 Dodging
 * Level 5.8 Stealth
 + Level 0.7 Spellcasting
 * Level 2.5 Summonings
 + Level 0.2 Necromancy
 * Level 2.8 Translocations
 * Level 3.0 Invocations
 * Level 2.5 Evocations


You had 3 spell levels left.
You knew the following spells:

 Your Spells              Type           Power        Failure   Level  Hunger
a - Summon Small Mammal   Summ           #...         14%         1    ##.....
b - Animate Skeleton      Necr           N/A          34%         1    ##.....
c - Apportation           Tloc           #.....       12%         1    ##.....
d - Spider Form           Tmut/Pois      #.........   75%         3    ####...

Your spell library contained the following spells:

 Spells                   Type           Power        Failure   Level  Hunger
 Beastly Appendage        Tmut           #.....       36%         1    ##.....
 Corona                   Hex            #......      36%         1    ##.....
 Sticks to Snakes         Tmut           #.......     50%         2    ###....
 Ice Form                 Ice/Tmut       #.......     98%         4    #####..
 Blade Hands              Tmut           #.........   100%        5    ######.


Dungeon Overview and Level Annotations

Branches:
Dungeon (7/15)             Temple (1/1) D:4

Altars:
Ashenzari
Cheibriados
Dithmenos
Elyvilon
Fedhas
Gozag
Kikubaaqudgha
Makhleb
Nemelex Xobeh
Okawaru
Ru
Trog
Uskayaw
Wu Jian
Xom
Yredelemnul
Zin
The Shining One


Innate Abilities, Weirdness & Mutations

You are small and have problems with some larger weapons.
You are carnivorous and can eat meat at any time.
You have a beak for a mouth.
Your flesh is heat resistant. (rF+)
Your magical capacity is low. (-10% MP)
You evolve.
You expend magic power (3 MP) to strengthen your wands.


Message History

Press: ? - help, Shift-Dir - straight line, f/p - orc warrior
Aim: an orc warrior, wielding a +0 halberd and wearing a +0 chain mail (severely wounded)
You shoot a bolt.
The bolt hits the orc warrior but does no damage.
The orc warrior is severely wounded.
The orc warrior hits you from afar with a +0 halberd!
* * * LOW HITPOINT WARNING * * *
Firing (i - inventory. (/) - cycle)
r - 13 bolts (quivered)
Press: ? - help, Shift-Dir - straight line, f/p - orc warrior
Aim: an orc warrior, wielding a +0 halberd and wearing a +0 chain mail (severely wounded)
You shoot a bolt. The bolt barely misses the orc warrior.
The orc warrior completely misses you.
Firing (i - inventory. (/) - cycle)
r - 12 bolts (quivered)
Press: ? - help, Shift-Dir - straight line, f/p - orc warrior
Aim: an orc warrior, wielding a +0 halberd and wearing a +0 chain mail (severely wounded)
You shoot a bolt.
The bolt hits the orc warrior but does no damage.
The orc warrior is severely wounded.
The orc warrior hits you from afar with a +0 halberd!!
You die...

♣♣♣.♣♣ ♣##### ♣♣.....♣♣ ♣♣.....#
♣♣.......♣♣♣.......##
♣...≈≈≈...♣...≈≈≈...#
...≈≈≈≈≈.....≈≈≈≈≈[.##
...≈≈_≈≈.....≈≈♣≈≈...#
((.≈≈≈≈≈.....≈≈≈≈≈...#
♣((.≈≈≈...♣...≈≈≈....###
♣(((o(@.♣♣♣............
♣♣.....♣♣ ♣♣.........## ♣♣♣.♣♣♣
♣♣........)) ♣♣ #........##
##..........
###############.........##
#.......................##
#........)..............##
#######........)..............##


You could see an orc warrior.

Vanquished Creatures
  A hippogriff (D:7)
  A water moccasin (D:5)
  4 orc warriors
  An ice beast (D:6)
  2 phantoms
  3 ogres
  A centaur (D:6)
  A big kobold (D:7)
  2 scorpions
  2 howler monkeys
  2 crimson imps (D:6)
  A bullfrog zombie (D:6)
  5 orc wizards
  4 hounds
  2 jellies
  5 orc priests
  2 bullfrog skeletons (D:7)
  A centaur skeleton (D:4)
  Jessica (D:2)
  An iguana (D:7)
  Natasha (thrice) (D:4)
  3 worker ants
  A hound skeleton (D:3)
  A gnoll (D:1)
  A howler monkey skeleton (D:5)
  6 adders
  A shadow imp (D:7)
  2 oozes
  An adder zombie (D:5)
  3 adder skeletons
  3 worms
  2 dart slugs
  6 leopard geckos
  36 orcs
  A giant cockroach (D:4)
  6 goblins
  6 hobgoblins
  5 jackals
  8 kobolds
  3 quokkas
  A ball python (D:4)
  8 bats
  5 frilled lizards
  A giant cockroach zombie (D:6)
  A leopard gecko zombie (D:5)
  9 rats
165 creatures vanquished.

Vanquished Creatures (collateral kills)
  A bullfrog zombie (D:7)
  A kobold (D:7)
2 creatures vanquished.

Vanquished Creatures (others)
  An orc wizard (D:6)
1 creature vanquished.

Grand Total: 168 creatures vanquished

Notes
Turn   | Place    | Note
-------+----------+-------------------------------------------
     0 | D:1      | Mattiprrivan the Kobold Hunter began the quest for the Orb.
     0 | D:1      | Reached XP level 1. HP: 12/12 MP: 1/1
    90 | D:1      | Reached skill level 5 in Crossbows
   101 | D:1      | Reached XP level 2. HP: 13/17 MP: 2/2
   489 | D:1      | Reached XP level 3. HP: 13/21 MP: 3/3
   675 | D:1      | Gained mutation: You have a beak for a mouth. [potion of
                  | mutation]
   675 | D:1      | Gained mutation: Your magical capacity is low. (-10% MP)
                  | [potion of mutation]
   675 | D:1      | Gained mutation: You evolve. [potion of mutation]
   768 | D:1      | Reached skill level 6 in Crossbows
  1217 | D:2      | Reached XP level 4. HP: 26/27 MP: 3/3
  1416 | D:2      | Found a burning altar of Makhleb.
  1419 | D:2      | Became a worshipper of Makhleb the Destroyer
  1457 | D:2      | Noticed Jessica
  1458 | D:2      | Killed Jessica
  1665 | D:2      | Found an iron altar of Okawaru.
  1666 | D:2      | Found a bloodstained altar of Trog.
  1883 | D:3      | Reached XP level 5. HP: 27/31 MP: 4/4
  1942 | D:3      | Reached skill level 1 in Short Blades
  1942 | D:3      | Reached skill level 1 in Armour
  2546 | D:3      | Gained mutation: You expend magic power (3 MP) to
                  | strengthen your wands. [evolution]
  3003 | D:3      | Reached skill level 1 in Throwing
  3162 | D:3      | Found a faded altar of an unknown god.
  3169 | D:3      | Reached XP level 6. HP: 36/36 MP: 5/5
  3244 | D:3      | Learned a level 1 spell: Summon Small Mammal
  3246 | D:3      | Learned a level 1 spell: Animate Skeleton
  3248 | D:3      | Learned a level 1 spell: Apportation
  3600 | D:4      | Found a sacrificial altar of Ru.
  3608 | D:4      | Noticed a phantom
  3622 | D:4      | Killed a phantom
  3622 | D:4      | Reached skill level 1 in Invocations
  3689 | D:4      | Noticed Natasha
  3693 | D:4      | Killed Natasha
  3714 | D:4      | Reached XP level 7. HP: 40/40 MP: 7/7
  3876 | D:4      | Reached * piety under Makhleb
  4242 | D:4      | Found a staircase to the Ecumenical Temple.
  4248 | Temple   | Entered the Ecumenical Temple
  4497 | D:4      | Noticed Natasha
  4500 | D:4      | Killed Natasha
  4500 | D:4      | Reached skill level 7 in Crossbows
  4531 | D:4      | Noticed Natasha
  4539 | D:4      | Killed Natasha
  4566 | D:4      | Gained mutation: Your flesh is heat resistant. (rF+)
                  | [evolution]
  4733 | D:4      | Got a brightly glowing morningstar
  4741 | D:4      | Identified the +10 morningstar "Bepenkea" {pain, +Inv rC+
                  | Str+3 Stlth-} (You found it on level 4 of the Dungeon)
  4752 | D:5      | Entered Level 5 of the Dungeon
  5095 | D:5      | Reached XP level 8. HP: 46/46 MP: 4/8
  5280 | D:5      | Reached skill level 1 in Maces & Flails
  5281 | D:5      | Reached skill level 1 in Translocations
  5528 | D:5      | Found a hide-covered altar of Uskayaw.
  5590 | D:5      | Reached skill level 1 in Summonings
  6337 | D:6      | Reached skill level 1 in Evocations
  6374 | D:6      | Reached ** piety under Makhleb
  6476 | D:6      | Reached skill level 5 in Stealth
  6491 | D:6      | Found a blossoming altar of Fedhas.
  6521 | D:6      | Reached XP level 9. HP: 51/51 MP: 2/9
  6630 | D:6      | Found a shimmering altar of Xom.
  6956 | D:6      | Found an opulent altar of Gozag.
  7579 | D:7      | Found a shattered altar of Ashenzari.
  7879 | D:7      | Noticed a hippogriff
  7888 | D:7      | Killed a hippogriff
  8186 | D:7      | Reached skill level 8 in Crossbows
  8427 | D:7      | Learned a level 3 spell: Spider Form
  8451 | D:7      | Reached skill level 5 in Dodging
  8487 | D:7      | Found a white marble altar of Elyvilon.
  8494 | D:7      | Reached *** piety under Makhleb
  8513 | D:7      | Slain by an orc warrior

Illustrated notes

Levels and vault maps discovered:
D:1:      minmay_arrival_doors, layout_basic, minmay_pentomino_w2
D:2:      layout_basic, gammafunk_temple_overflow_pools,
          overflow_temple_1_default, kennysheep_generic_room_11, uniq_jessica
D:3:      mumra_celtic_spiral_tile, layout_basic,
          chequers_ecumenical_altar_simple_redux
D:4:      layout_basic, nicolae_ru_awakened_eye, temple_green, first_ration,
          minmay_misc_feat_five, uniq_natasha
D:5:      cheibrodos_fzero, layout_layer_cave, kennysheep_mini_moat
D:6:      kennysheep_spiral_hall, layout_basic, grunt_temple_overflow_open,
          nicolae_gozag_seed_capital
D:7:      layout_basic, evilmike_ruin_ashenzari, elyvilon_altar_3,
          grunt_ogre_cave
Temple:   chequers_temple_sunken

Skill      XL: |  1  2  3  4  5  6  7  8  9 |
---------------+----------------------------+-----
Crossbows      | 5 6 7 8 |  8.2
Stealth        | 2 3 4 5 |  5.8
Short Blades   | 1 2 3 4 |  4.8
Armour         | 1 2 3 |  3.1
Dodging        | 3 4 5 |  5.0
Throwing       | 1 2 3 4 |  4.4
Invocations    | 1 2 3 |  3.0
Fighting       | 3 4 |  4.0
Maces & Flails | 1 2 |  2.2
Translocations | 2 |  2.8
Summonings     | 1 2 |  2.5
Evocations     | 1 2 |  2.5
Spellcasting   | |  0.7
Necromancy     | |  0.2

Action                   |  1- 3 |  4- 6 |  7- 9 || total
-------------------------+-------+-------+-------++-------
Melee: Short sword       |    16 |    44 |    11 ||    71
       Peck              |     1 |     7 |     5 ||    13
       Morningstar       |       |       |    37 ||    37
       Hand crossbow     |       |       |     2 ||     2
 Fire: Hand crossbow     |    69 |    84 |   256 ||   409
Throw: Dart              |       |    35 |    18 ||    53
       Boomerang         |       |     8 |    14 ||    22
 Cast: Summon Small Mamm |       |     2 |     2 ||     4
       Animate Skeleton  |       |       |    12 ||    12
Evoke: Wand              |       |       |    16 ||    16
  Use: Potion            |     6 |     3 |     3 ||    12
       Scroll            |     3 |     4 |     8 ||    15
 Stab: Sleeping          |       |       |     2 ||     2
  Eat: Ration            |     1 |       |       ||     1
       Chunk             |     7 |     8 |    14 ||    29
Armor: Leather armour    |     3 |       |    38 ||    41
       Ring mail         |     1 |    19 |       ||    20
Dodge: Dodged            |    37 |    76 |   135 ||   248
